 Dungeon Crawl Stone Soup version 0.19.1 (webtiles) character file.

110 Pixllover the Cudgeler (level 4, 0/45 HPs)
             Began as a Troll Berserker on Dec 22, 2016.
             Was a Believer of Trog.
             Slain by a hound (4 damage)
             ... on level 4 of the Dungeon.
             The game lasted 00:10:36 (2224 turns).

Pixllover the Cudgeler (Troll Berserker)            Turns: 2224, Time: 00:10:37

Health: 0/45       AC:  5    Str: 36    XL:     4   Next: 61%
Magic:  3/3        EV: 10    Int:  3    God:    Trog [**....]
Gold:   143        SH:  0    Dex:  9    Spells: 0 memorised, 3 levels left

rFire  . . .     SeeInvis +     a - +0 mace
rCold  . . .     Gourm    +     b - +0 animal skin
rNeg   . . .     Faith    .     (no shield)
rPois  .         Spirit   .     (helmet restricted)
rElec  .         Reflect  .     (no cloak)
rCorr  .         Harm     .     (gloves unavailable)
MR     .....                    (boots unavailable)
Stlth  +.........               (no amulet)
                                o - ring of see invisible
                                h - +5 ring of strength

@: mighty, exhausted, slowed, very slow
A: unfitting armour, claws 3, fast metabolism 3, gourmand, regeneration 1,
shaggy fur 1, tough skin 2
a: Berserk, Trog's Hand, Burn Spellbooks, Renounce Religion


You were on level 4 of the Dungeon.
You worshipped Trog.
Trog was pleased with you.
You were not hungry.

You visited 1 branch of the dungeon, and saw 4 of its levels.

You collected 143 gold pieces.

Inventory:

Hand Weapons
 a - a +0 mace (weapon)
 f - a +0 mace of venom
Missiles
 g - 3 tomahawks (quivered)
 i - 12 poisoned needles
 n - 32 stones
Armour
 b - a +0 animal skin (worn)
Jewellery
 h - a +5 ring of strength (left claw)
 o - a ring of see invisible (right claw)
Wands
 r - a wand of flame (17/48)
 s - a wand of lightning (8/15)
 t - a wand of random effects (5/48)
 u - a wand of polymorph (14/24)
Scrolls
 k - 2 scrolls of teleportation
 l - 3 scrolls of identify {unknown}
 p - a scroll of magic mapping
 w - a scroll of remove curse {unknown}
Potions
 e - 2 potions of curing {unknown}
 j - a potion of heal wounds {unknown}
 z - a potion of invisibility {unknown}
Comestibles
 c - 3 bread rations
 m - a slice of pizza
 q - a meat ration
 v - a royal jelly
 x - 6 chunks of flesh


   Skills:
 + Level 3.0 Fighting
 + Level 4.0 Maces & Flails
 + Level 0.1 Throwing
 + Level 2.8 Dodging
 + Level 0.1 Evocations


You had 3 spell levels left.
You didn't know any spells.

Dungeon Overview and Level Annotations

Branches:
Dungeon (4/15)
 Temple: D:4-7

Altars:
Dithmenos


Innate Abilities, Weirdness & Mutations

You are too large for most types of armour.
You have claws for hands.
Your metabolism is lightning-fast.
You like to eat raw meat.
Your natural rate of healing is unusually fast.
You are covered in fur. (AC +1)
You have very tough skin. (AC +2)


Message History

You feel sick. The hound closely misses you. The hound barely misses you.
The hound bites you but does no damage.
You thump the hound!
The hound is almost dead.
The hound bites you.
* * * LOW HITPOINT WARNING * * *
The hound bites you.
* * * LOW HITPOINT WARNING * * *
You closely miss the hound.
The hound is severely wounded.
You feel sick. The hound closely misses you.
The hound completely misses you. x2
You barely miss the hound.
The hound is severely wounded.
The hound barely misses you. x2; The hound misses you.
You miss the hound.
The hound is severely wounded.
You feel sick.
You are no longer poisoned.
The hound bites you but does no damage. The hound bites you.
You die...

############ .
#..........# .......[#
#..........##........#
#....)).@............#
#.......h...##.......#
#....)..)..###.....#..
#..........##.......#.
#..........#.........(
#....................#
#........<.###.......#
#######.....>.........
#..#.............


You could see a hound.

Vanquished Creatures
  3 adders
  4 worms
  2 dart slugs
  2 leopard geckos
  6 orcs
  7 bats
  2 giant cockroaches
  4 goblins
  6 hobgoblins
  5 jackals (D:1)
  4 kobolds
  A ball python (D:3)
  7 frilled lizards
  8 rats
61 creatures vanquished.

Notes
Turn   | Place    | Note
-------+----------+-------------------------------------------
     0 | D:1      | Pixllover the Troll Berserker began the quest for the Orb.
     0 | D:1      | Reached XP level 1. HP: 22/22 MP: 0/0
   154 | D:1      | Reached XP level 2. HP: 26/29 MP: 1/1
   202 | D:1      | Reached skill level 3 in Maces & Flails
   360 | D:1      | Reached ** piety under Trog
   647 | D:1      | Reached XP level 3. HP: 33/36 MP: 2/2
  1151 | D:2      | Found a shadowy altar of Dithmenos.
  1453 | D:2      | Reached XP level 4. HP: 39/44 MP: 3/3
  2156 | D:4      | Reached skill level 4 in Maces & Flails
  2224 | D:4      | Slain by a hound

Skill      XL: |  1  2  3  4 |
---------------+-------------+-----
Maces & Flails | 3 4 |  4.0
Fighting       | 3 |  3.0
Throwing       | |  0.1
Dodging        | |  2.8
Evocations     | |  0.1

Action                   |  1- 3 |  4- 6 || total
-------------------------+-------+-------++-------
Melee: Mace              |   158 |    68 ||   226
Throw: Tomahawk          |     4 |       ||     4
Invok: Berserk           |     1 |     1 ||     2
Evoke: Wand              |       |     3 ||     3
  Use: Scroll            |     2 |       ||     2
       Potion            |       |     1 ||     1
  Eat: Chunk             |    12 |     5 ||    17
       Bread ration      |     1 |       ||     1
Armor: Animal skin       |    96 |    32 ||   128
Dodge: Dodged            |   151 |    53 ||   204
